 Dungeon Crawl Stone Soup version 0.31-a0-507-gbafd7f5274 (webtiles) character file.

Game seed: 3784051155580398750

63 RepHenryClay the Covered (level 4, 0/36 HPs)
             Began as a Barachi Fighter on Aug 10, 2023.
             Slain by a water moccasin (7 damage)
             ... on level 3 of the Dungeon.
             The game lasted 00:01:49 (1671 turns).

RepHenryClay the Covered (Barachi Fighter)          Turns: 1671, Time: 00:01:50

Health: 0/36       AC:  7    Str: 19    XL:     4   Next: 9%
Magic:  4/4        EV:  9    Int:  9    God:
Gold:   150        SH:  4    Dex: 11    Spells: 3/3 levels left

rFire   . . .        a - +0 long sword
rCold   . . .        c - +0 buckler
rNeg    . . .        b - +0 scale mail
rPois   .            (no helmet)
rElec   .            (no cloak)
rCorr   .            (no gloves)
SInv    .            (no boots)
Will    .....        (no amulet) Stlth
                     (no ring)
HPRegen 0.26/turn    (no ring)
MPRegen 0.09/turn

%: no passive effects
@: mighty, lethally poisoned (0 -> -16), slow
A: amphibious, slowness 1, strong legs 1, +LOS
a: Hop


You were on level 3 of the Dungeon.
You visited 1 branch of the dungeon, and saw 3 of its levels.

You collected 150 gold pieces.

Inventory:

Hand Weapons
 a - a +0 long sword (weapon)
Armour
 b - a +0 scale mail (worn)
 c - a +0 buckler (worn)
Scrolls
 f - a scroll of immolation {unknown}
 k - a scroll of fog {unknown}
Potions
 d - a potion of might
 g - a potion of lignification {unknown}
 h - a potion of ambrosia {unknown}
 i - a potion of enlightenment {unknown}
 j - a potion of haste {unknown}


   Skills:
 - Level 3.6 Fighting
 * Level 4.0 Long Blades
 + Level 4.2 Armour
 + Level 3.9 Shields


You had 3 spell levels left.
You didn't know any spells.
Your spell library contained the following spells:

 Spells                   Type           Power      Damage    Failure   Level
 Ensorcelled Hibernation  Hex/Ice        0%         N/A       91%         2
 Anguish                  Hex/Necr       0%         N/A       100%        4


Dungeon Overview and Level Annotations

Branches:
Dungeon (3/15)

Altars:
Makhleb


Innate Abilities, Weirdness & Mutations

You are amphibious.
You cover ground slowly.
You can hop short distances.
You have an extended range of vision and can be seen from far away.


Message History

You are poisoned.
The water moccasin poisons you! The water moccasin closely misses you.
Damage: -11%(-4hp) hp: 89%(32hp)
You barely miss the water moccasin.
You feel very sick. The water moccasin bites you.
You are more poisoned.
The water moccasin poisons you!
Huge Dmg: -22%(-8hp) hp: 67%(24hp)
You barely miss the water moccasin.
You feel very sick.
The water moccasin barely misses you. x2
Damage: -11%(-4hp) hp: 56%(20hp)
You miss the water moccasin.
You feel very sick.
The water moccasin bites you but does no damage.
The water moccasin bites you.
* * * LOW HITPOINT WARNING * * *
Huge Dmg: -17%(-6hp) hp: 39%(14hp)
You miss the water moccasin.
You feel very sick. The water moccasin bites you.
* * * LOW HITPOINT WARNING * * *
You are lethally poisoned!
The water moccasin poisons you! The kobold hits you but does no damage.
The water moccasin bites you but does no damage.
Huge Dmg: -16%(-6hp) hp: 23%(8hp) It was a potion of curing.
You feel better. The water moccasin bites you.
* * * LOW HITPOINT WARNING * * *
The kobold barely misses you.
You slash the water moccasin!
The water moccasin is moderately wounded.
The water moccasin bites you.
* * * LOW HITPOINT WARNING * * *
You are lethally poisoned!
The water moccasin poisons you!
The kobold hits you with a +0 short sword.
* * * LOW HITPOINT WARNING * * *
The water moccasin bites you!
You die...

#..........# #>#
#..........# #.#
#..........###.#
#.............<#
#.###..........###.#
..............###.#
###.........).).†#
#.K........#####
#.S@.......#####.##.
.........................
.#.###...?.......####.###
#.............##
######.######..# #.#
##...# #.. ...# #### #.##
..


You could see a water moccasin and a kobold.

Vanquished Creatures
  2 adders
  A worm (D:2)
  A dart slug (D:3)
  3 orcs (D:3)
  4 endoplasms
  3 giant cockroaches
  3 goblins
  3 hobgoblins (D:1)
  2 quokkas
  2 ball pythons
  5 bats
  5 frilled lizards
  A kobold (D:1)
  2 rats
37 creatures vanquished.

Notes
Turn   | Place    | Note
-------+----------+-------------------------------------------
     0 | D:1      | RepHenryClay the Barachi Fighter began the quest for the
                  | Orb.
     0 | D:1      | Reached XP level 1. HP: 18/18 MP: 1/1
   108 | D:1      | Reached XP level 2. HP: 24/24 MP: 2/2
   916 | D:2      | Reached XP level 3. HP: 27/29 MP: 3/3
  1016 | D:2      | Found a burning altar of Makhleb.
  1632 | D:3      | Reached XP level 4. HP: 35/36 MP: 4/4
  1662 | D:3      | Noticed a water moccasin
  1671 | D:3      | Slain by a water moccasin

Illustrated notes

Levels and vault maps discovered:
D:1:      saegor_arrival_simple_b, layout_loops_corners
D:2:      layout_basic, basic_altar, minmay_misc_feat_five
D:3:      layout_basic, serial_shops, nicolae_shop_window_shopping,
          uniq_grinder, uniq_terence, uniq_ijyb

Skill      XL: |  1  2  3 |
---------------+----------+-----
Long Blades    | 3 4 |  4.0
Armour         | 4 |  4.2
Fighting       | |  3.6
Shields        | |  3.9

Action                     |  1- 3 |  4- 6 || total
---------------------------+-------+-------++-------
  Melee: Long sword        |   110 |     9 ||   119
    Use: Potion            |       |     2 ||     2
 Armour: Scale mail        |    55 |     4 ||    59
  Dodge: Dodged            |    42 |     6 ||    48
  Block: Buckler           |    21 |       ||    21

Table legend: (Time is in decaauts)
 A = Elapsed time spent in this place.
 B = Non-inter-level travel time spent in this place.
 C = Inter-level travel time spent in this place.
 D = Time resting spent in this place.
 E = Time spent auto-exploring this place.
 F = Levels seen in this place.
 G = Mean time per level.
                   A        B        C        D        E       F      G
               +--------+--------+--------+--------+--------+-----+--------+
         Total |   1977 |   1924 |     53 |      0 |   1624 |   3 |  659.0 |
       Dungeon |   1977 |   1924 |     53 |      0 |   1624 |   3 |  659.0 |
               +--------+--------+--------+--------+--------+-----+--------+

Top non-repeatable levels by time:
     D:1: 1031 daAuts
     D:2: 862 daAuts
     D:3: 84 daAuts
